 Dungeon Crawl Stone Soup version 0.32-a0-20-ge526923d97 (webtiles) character file.

Game seed: 984080521108520609

60 PriceMaster the Sneak (level 3, 0/16 HPs)
             Began as a Spriggan Enchanter on Jan 18, 2024.
             Was a Follower of Trog.
             Slain by a rat (1 damage)
             ... in a sewer.
             The game lasted 00:03:03 (1967 turns).

PriceMaster the Sneak (Spriggan Enchanter)          Turns: 1967, Time: 00:03:03

Health: 0/16       AC:  2    Str:  4    XL:     3   Next: 80%
Magic:  8/8        EV: 18    Int: 16    God:    Trog [*.....]
Gold:   58         SH:  0    Dex: 17    Spells: 6/8 levels left

rFire   . . .        a - +1 dagger
rCold   . . .        (no shield)
rNeg    . . .        b - +0 robe
rPois   .            (helmet restricted)
rElec   .            (no cloak)
rCorr   .            (gloves unavailable)
SInv    +            (boots unavailable)
Will    .....        (no amulet)
Stlth   +++          (no ring)
HPRegen 0.22/turn    (no ring)
MPRegen 0.11/turn

%: no passive effects
@: very quick
A: very small, no large weapons, unfitting armour, see invisible, speed 3
a: Renounce Religion, Berserk


You were in a sewer.
You worshipped Trog.
Trog was aware of your devotion.
You visited 1 branch of the dungeon, and saw 3 of its levels.
You also visited: Sewer.

You collected 58 gold pieces.

Inventory:

Hand Weapons
 a - a +1 dagger (weapon)
Armour
 b - a +0 robe (worn)
Scrolls
 d - a scroll of enchant weapon {unknown}
 f - 4 scrolls of identify {unknown}
 j - a scroll of fear {unknown}
Potions
 c - a potion of invisibility
 e - a potion of ambrosia {unknown}
 h - a potion of brilliance
 i - a potion of berserk rage {unknown}


   Skills:
 + Level 0.1 Fighting
 + Level 1.4 Short Blades
 + Level 3.1 Dodging
 * Level 6.1 Stealth
 - Level 3.2 Spellcasting
 - Level 3.9 Hexes


You had 6 spell levels left.
You knew the following spells:

 Your Spells              Type           Power      Damage    Failure   Level
a - Ensorcelled Hibernat  Hex/Ice        16%        N/A       12%         2

Your spell library contained the following spells:

 Spells                   Type           Power      Damage    Failure   Level
 Confusing Touch          Hex            15%        N/A       11%         3
 Tukima's Dance           Hex            15%        N/A       11%         3
 Dazzling Flash           Conj/Hex       16%        N/A       24%         3
 Volatile Blastmotes      Fire/Tloc      4%         2d10      50%         3
 Starburst                Conj/Fire      1%         6d3       100%        6
 Maxwell's Capacitive Co  Air            1%         ∞         100%        8


Dungeon Overview and Level Annotations

Branches:
Dungeon (3/15)              Sewer (1/1)

Altars:
Trog
Vehumet

Annotations:
D:3 exclusion: statue


Innate Abilities, Weirdness & Mutations

You are very small and have problems with some larger weapons.
You are too small for most types of armour.
You have supernaturally acute eyesight. (SInv)
You cover ground extremely quickly. (Speed+++)


Message History

The river rat closely misses you. The rat closely misses you.
The rat completely misses you.
You hit the river rat but do no damage. The river rat barely misses you.
The rat closely misses you. The rat misses you.
You hit the river rat but do no damage. The river rat barely misses you.
The rat misses you. The rat closely misses you.
You barely miss the river rat. The river rat bites you.
The rat bites you but does no damage. The rat bites you.
You hit the river rat but do no damage. The river rat bites you.
The rat completely misses you. The rat bites you but does no damage.
You hit the river rat but do no damage. The river rat barely misses you.
The rat misses you. The rat barely misses you.
You closely miss the river rat. The rat bites you. The river rat bites you.
* * * LOW HITPOINT WARNING * * *
The rat closely misses you.
You hit the river rat but do no damage. The rat bites you but does no damage.
The river rat closely misses you. The rat barely misses you.
You hit the river rat.
The river rat is moderately wounded.
You closely miss the river rat.
The river rat is moderately wounded.
The river rat bites you but does no damage.
The rat completely misses you. The rat bites you.
* * * LOW HITPOINT WARNING * * *
You barely miss the river rat.
The river rat is moderately wounded.
The river rat bites you.
* * * LOW HITPOINT WARNING * * *
The rat misses you. The rat barely misses you.
You barely miss the river rat.
The river rat is moderately wounded.
The river rat closely misses you. The rat bites you.
* * * LOW HITPOINT WARNING * * *
The rat closely misses you.
You hit the river rat.
The river rat is heavily wounded.
The river rat misses you. The rat barely misses you. x2
The rat twitches its whiskers.
The rat attacks as it pursues you! The rat bites you.
You die...

≈≈≈≈~....#
≈≈≈≈≈~~...#
≈≈≈≈≈~~...##
≈≈≈≈≈~.....#
≈≈≈≈~~.....#
≈≈≈≈~~.....#
~≈≈≈~....r#
~≈≈≈~..r..#
~≈≈≈~..@r##
~≈≈≈~~...####
~≈≈≈~...###∩#
~≈≈≈~...###.#
~≈≈≈~....#..#
~~≈≈~~.....##
.~≈~~......#
~~~~......##
.~~.~.....##


You could see a river rat and 2 rats.

Vanquished Creatures
  2 adders
  A dart slug (D:1)
  A ribbon worm (D:2)
  An orc (D:3)
  3 bats
  3 endoplasms
  2 giant cockroaches
  2 goblins
  3 hobgoblins
  4 kobolds
  A quokka (D:2)
  7 ball pythons
  4 rats
34 creatures vanquished.

Notes
Turn   | Place    | Note
-------+----------+-------------------------------------------
     0 | D:1      | PriceMaster the Spriggan Enchanter began the quest for the
                  | Orb.
     0 | D:1      | Reached XP level 1. HP: 9/9 MP: 5/5
   301 | D:1      | Reached XP level 2. HP: 13/13 MP: 7/7
   337 | D:1      | Learned a level 2 spell: Ensorcelled Hibernation
   890 | D:2      | Reached skill level 5 in Stealth
  1181 | D:2      | Reached XP level 3. HP: 16/16 MP: 8/8
  1240 | D:2      | Found a faded altar of an unknown god.
  1256 | D:2      | Prayed at the altar of an unknown god.
  1256 | D:2      | Became a worshipper of Trog the Wrathful
  1256 | D:2      | Reached * piety under Trog
  1667 | D:3      | Found a radiant altar of Vehumet.
  1667 | D:3      | Noticed a charred statue
  1832 | D:3      | Reached skill level 6 in Stealth
  1898 | D:3      | Found a glowing drain.
  1915 | Sewer    | Entered a sewer
  1967 | Sewer    | Slain by a rat

Illustrated notes

Levels and vault maps discovered:
D:1:      onia_arrival_pentagram, layout_basic, serial_glass, glass_columns_a,
          glass_columns_a, glass_columns_a, glass_columns_b
D:2:      layout_loops_ring, basic_ecumenical_altar
D:3:      layout_basic, vehumet_statue, cheibrodos_sewer_entry_drain
Sewer:    sewer_minmay_treatment

Skill      XL: |  1  2  3 |
---------------+----------+-----
Spellcasting   | 3 |  3.2
Stealth        | 5 6 |  6.1
Dodging        | 3 |  3.1
Fighting       | |  0.1
Short Blades   | |  1.4
Hexes          | |  3.9

Action                     || total
---------------------------++-------
  Melee: Dagger            ||   124
         Punch             ||     1
   Cast: Ensorcelled Hiber ||     2
    Use: Potion            ||     3
   Stab: Sleeping          ||    16
         Invisible         ||     1
 Armour: Robe              ||    36
  Dodge: Dodged            ||   110

Table legend: (Time is in decaauts)
 A = Elapsed time spent in this place.
 B = Non-inter-level travel time spent in this place.
 C = Inter-level travel time spent in this place.
 D = Time resting spent in this place.
 E = Time spent auto-exploring this place.
 F = Levels seen in this place.
 G = Mean time per level.
                   A        B        C        D        E       F      G
               +--------+--------+--------+--------+--------+-----+--------+
         Total |   1300 |   1285 |     15 |     60 |    965 |   4 |  325.0 |
       Dungeon |   1259 |   1244 |     15 |     60 |    946 |   3 |  419.7 |
         Sewer |     41 |     41 |      0 |      0 |     19 |   1 |   41.0 |
               +--------+--------+--------+--------+--------+-----+--------+

Top non-repeatable levels by time:
     D:1: 570 daAuts
     D:2: 451 daAuts
     D:3: 238 daAuts
   Sewer: 41 daAuts
